 Dungeon Crawl Stone Soup version 0.21.1-1-g345015fe64 (webtiles) character file.

55 JarielCorvus the Magician (level 3, 0/19 HPs)
             Began as a Deep Elf Fire Elementalist on June 29, 2018.
             Was an Initiate of Vehumet.
             Slain by an adder (1 damage)
             ... on level 3 of the Dungeon.
             The game lasted 00:06:03 (1928 turns).

JarielCorvus the Magician (DEFE)                    Turns: 1928, Time: 00:06:05

Health: 0/19       AC:  2    Str:  2 (5)  XL:     3   Next: 67%
Magic:  2/11       EV: 13    Int: 17 (20) God:    Vehumet [......]
Gold:   119        SH:  0    Dex: 14 (15) Spells: 2/11 levels left

rFire    . . .     SeeInvis .   d - +0 dagger
rCold    . . .     Gourm    .   (no shield)
rNeg     . . .     Faith    .   a - +0 robe
rPois    .         Spirit   .   (no helmet)
rElec    .         Reflect  .   (no cloak)
rCorr    .         Harm     .   (no gloves)
MR       .....                  (no boots)
Stlth    ++........             (no amulet)
HPRegen  0.06/turn              (no ring)
MPRegen  0.12/turn              (no ring)

@: no status effects
A: no striking features
a: Renounce Religion


You were on level 3 of the Dungeon.
You worshipped Vehumet.
Vehumet was noncommittal.
You were very hungry.

You visited 1 branch of the dungeon, and saw 3 of its levels.

You collected 119 gold pieces.

Inventory:

Hand Weapons
 d - a +0 dagger (weapon)
Armour
 a - a +0 robe (worn)
Scrolls
 e - a scroll of remove curse
 j - a scroll of random uselessness
Books
 b - a book of Flames

   Spells                             Type                      Level
   a - Flame Tongue                   Conjuration/Fire             1
   b - Throw Flame                    Conjuration/Fire             2
   c - Conjure Flame                  Conjuration/Fire             3
   d - Inner Flame                    Hexes/Fire                   3
   e - Sticky Flame                   Conjuration/Fire             4
   f - Fireball                       Conjuration/Fire             5
Comestibles
 c - 2 rations


   Skills:
 - Level 2.4 Dodging
 + Level 3.3 Stealth
 * Level 4.6 Spellcasting
 + Level 2.1 Conjurations
 - Level 3.2 Fire Magic


You had 2 spell levels left.
You knew the following spells:

 Your Spells              Type           Power        Failure   Level  Hunger
a - Flame Tongue          Conj/Fire      ##...        4%          1    None
b - Throw Flame           Conj/Fire      ##....       8%          2    ##.....
c - Conjure Flame         Conj/Fire      ##......     14%         3    ###....
d - Inner Flame           Hex/Fire       #.......     22%         3    ###....


Dungeon Overview and Level Annotations

Branches:
Dungeon (3/15)

Altars:
Sif Muna
Vehumet
Wu Jian


Message History

The adder closely misses you. The orc misses you.
You barely miss the orc. The adder misses you. The orc hits you with a dagger.
You hit the orc but do no damage. The adder barely misses you.
The orc hits you with a dagger.
You hit the orc but do no damage. The adder closely misses you.
The orc barely misses you. The adder closely misses you.
You hit the orc.
The orc is lightly wounded.
The adder barely misses you. The orc closely misses you.
You hit the orc but do no damage.
The orc is lightly wounded.
The adder bites you. The orc hits you but does no damage.
You hit the orc but do no damage.
The orc is lightly wounded.
The adder bites you.
* * * LOW HITPOINT WARNING * * *
The orc hits you with a dagger.
* * * LOW HITPOINT WARNING * * *
The adder bites you.
You die...

#.# #.# #.# #.#
#.# #.# #.# #
#.#####.##...
#.####....@S....#
#.........#o.####
######.##.#..#
#.##.#(.#
#.##.#.?#
#.##.#..#
#.##.....
#.####..# #.#


You could see an adder and an orc.

Vanquished Creatures
  An adder skeleton (D:2)
  2 dart slugs
  2 leopard geckos
  A ball python (D:2)
  2 bats (D:1)
  6 giant cockroaches
  A goblin (D:1)
  4 hobgoblins
  5 jackals (D:2)
  8 kobolds
  3 frilled lizards
  6 rats
41 creatures vanquished.

Notes
Turn   | Place    | Note
-------+----------+-------------------------------------------
     0 | D:1      | JarielCorvus the Deep Elf Fire Elementalist began the quest for the Orb.
     0 | D:1      | Reached XP level 1. HP: 10/10 MP: 6/6
   595 | D:1      | Reached XP level 2. HP: 15/15 MP: 4/8
   616 | D:1      | Learned a level 2 spell: Throw Flame
   967 | D:2      | Reached skill level 4 in Spellcasting
  1109 | D:2      | Reached XP level 3. HP: 16/19 MP: 3/10
  1221 | D:2      | Found an ornate altar of the Wu Jian Council.
  1320 | D:2      | Found a radiant altar of Vehumet.
  1320 | D:2      | Found a deep blue altar of Sif Muna.
  1334 | D:2      | Became a worshipper of Vehumet
  1592 | D:2      | Learned a level 3 spell: Conjure Flame
  1596 | D:2      | Learned a level 3 spell: Inner Flame
  1928 | D:3      | Slain by an adder

Skill      XL: |  1  2  3 |
---------------+----------+-----
Stealth        | 3 |  3.3
Spellcasting   | 4 |  4.6
Conjurations   | 2 |  2.1
Dodging        | |  2.4
Fire Magic     | |  3.2

Action                   || total
-------------------------++-------
Melee: Unarmed           ||    21
       Dagger            ||    36
 Cast: Flame Tongue      ||    39
       Throw Flame       ||    31
       Inner Flame       ||     2
  Use: Scroll            ||     5
       Potion            ||     2
  Eat: Chunk             ||     3
Armor: Robe              ||     9
Dodge: Dodged            ||    62
